 Dungeon Crawl Stone Soup version 0.17-a0-1646-geb1493d (webtiles) character file.

79 Malak the Caller (level 4, 0/24 HPs)
             Began as a Deep Elf Summoner on Aug 11, 2015.
             Slain by a hound (4 damage)
             ... on level 3 of the Dungeon.
             The game lasted 00:15:48 (2100 turns).

Malak the Caller (Deep Elf Summoner)                Turns: 2100, Time: 00:15:48

Health: 0/24       AC:  2    Str:  9    XL:     4   Next: 17%
Magic:  1/12       EV: 13    Int: 21    God:
Gold:   150        SH:  0    Dex: 15    Spells: 3 memorised, 5 levels left

rFire  . . .     SeeInvis .     s - +4 mace
rCold  . . .     Clarity  +     a - +0 robe
rNeg   . . .     SustAt   .     (no shield)
rPois  .         Gourm    .     (no helmet)
rElec  .         Spirit   .     (no cloak)
rCorr  .         Warding  .     (no gloves)
rMut   .         Stasis   .     (no boots)
MR     .....                    f - amulet of clarity
Stlth  ++........               (no ring)
                                v - +4 ring of strength

@: not resistant to hostile enchantments, unstealthy
A: no striking features
a: no special abilities


You were on level 3 of the Dungeon.
You were not hungry.

You visited 1 branch of the dungeon, and saw 3 of its levels.

You collected 150 gold pieces.

Inventory:

Hand weapons
 i - a +0 dagger
 s - a +4 mace (weapon)
 y - a +0 hunting sling
 A - a +0 short sword
Missiles
 e - 26 poisoned needles
 u - 5 curare-tipped needles
 z - 3 tomahawks (quivered)
Armour
 a - a +0 robe (worn)
Jewellery
 f - an amulet of clarity (around neck)
 v - a +4 ring of strength (left hand)
Scrolls
 g - 4 scrolls of identify {unknown}
 n - 3 scrolls of remove curse {unknown}
 w - a scroll of enchant armour {unknown}
 B - a scroll of fear {unknown}
Potions
 d - a potion of agility {unknown}
 h - 2 potions of heal wounds {unknown}
 k - 5 potions of curing {unknown}
 l - a potion of magic {unknown}
 o - a potion of invisibility {unknown}
 p - a potion of haste {unknown}
 r - a potion of beneficial mutation {unknown}
 x - a potion of lignification {unknown}
Books
 b - a book of Callings

   Spells                             Type                      Level
   a - Summon Small Mammal            Summoning                    1
   b - Call Imp                       Summoning                    2
   c - Call Canine Familiar           Summoning                    3
   d - Summon Guardian Golem          Hexes/Summoning              3
   e - Summon Lightning Spire         Summoning/Air                4
   f - Summon Ice Beast               Ice/Summoning                4
Comestibles
 c - 5 bread rations
 j - a beef jerky
 m - 2 meat rations
 q - a royal jelly
 t - 10 chunks of flesh


   Skills:
 + Level 2.8 Dodging
 + Level 2.6 Stealth
 + Level 4.0 Spellcasting
 + Level 5.6 Summonings


You had 5 spell levels left.
You knew the following spells:

 Your Spells              Type           Power        Failure   Level  Hunger
a - Summon Small Mammal   Summ           ####         1%          1    None
b - Call Imp              Summ           ####....     1%          2    #......
c - Call Canine Familiar  Summ           ####....     3%          3    ###....


Dungeon Overview and Level Annotations

Branches:
Dungeon (3/15)

Altars:
Xom


Message History

The bat hits you.
* * * LOW HITPOINT WARNING * * *
The orc barely misses your hound.
You miss the bat. The bat misses you.
Your hound barely misses the orc.
Your hound barely misses the orc.
The orc barely misses your hound.
Your hound barely misses the orc.
The bat closely misses you. The bat hits you.
* * * LOW HITPOINT WARNING * * *
The orc closely misses your hound.
Your hound bites the orc.
The orc dies!
The bat barely misses you.
You barely miss the bat. The bat closely misses you.
The hound bites you but does no damage.
Your hound bites the bat.
The bat dies!
Your hound closely misses the hound.
The hound barely misses you.
You hit the hound.
The hound is moderately wounded.
Your hound barely misses the hound.
The hound bites you.
You die...

#.........#...
#####.#####..## #...#
#... #...# #..# ####
#...# #.. ...# #.<.#
#.# ...# #
######...####.# ...#
##.#....h....<...####
...#
.......@h.........#..
...#
##.#.............##.#
...#
####.#...#)#####.#
...# #.#...#.# #..###
#### #.#...#.# #.#.#.
≈≈≈## #)#...#.#
#.#... ..§≈##
#.#...#.#####.....
...≈≈##
#..........####...
....≈≈##
####.#.###.####..#


You could see a hound and a friendly hound.

Vanquished Creatures
  An adder (D:2)
  3 bats
4 creatures vanquished.

Vanquished Creatures (collateral kills)
  An orc wizard (D:3)
  2 adders
  A worm (D:3)
  A giant gecko (D:2)
  9 orcs (D:3)
  A ball python (D:1)
  6 bats
  A giant cockroach (D:1)
  3 goblins
  5 hobgoblins
  6 kobolds
  4 giant newts
  8 jackals
  5 rats
53 creatures vanquished.

Grand Total: 57 creatures vanquished

Notes
Turn   | Place    | Note
--------------------------------------------------------------
     0 | D:1      | Malak the Deep Elf Summoner began the quest for the Orb.
     0 | D:1      | Reached XP level 1. HP: 10/10 MP: 6/6
   395 | D:1      | Reached XP level 2. HP: 15/15 MP: 6/8
   399 | D:1      | Learned a level 2 spell: Call Imp
   447 | D:1      | Found a shimmering altar of Xom.
  1000 | D:2      | Reached skill level 5 in Summonings
  1409 | D:2      | Reached XP level 3. HP: 17/19 MP: 5/9
  1414 | D:2      | Learned a level 3 spell: Call Canine Familiar
  2061 | D:3      | Reached XP level 4. HP: 15/24 MP: 5/11
  2100 | D:3      | Slain by a hound

Vault maps used:
D:1:      onia_arrival_mini_spirals, xom_teletrap_fun
D:3:      first_bread, kennysheep_cross_room

Action                   |  1- 3 |  4- 6 || total
-------------------------+-------+-------++-------
Melee: Club              |     2 |       ||     2
       Dagger            |    19 |       ||    19
       Mace              |     2 |     4 ||     6
 Cast: Summon Small Mamm |    18 |     1 ||    19
       Call Imp          |    27 |     1 ||    28
       Call Canine Famil |     5 |     2 ||     7
  Eat: Chunk             |     5 |       ||     5
